 Dungeon Crawl Stone Soup version 0.29-a0-330-g52719c12eb (webtiles) character file.

Game seed: 14854199131402002748

37 Maratek the Gusty (level 3, -1/26 HPs)
             Began as a Demigod Air Elementalist on May 31, 2022.
             Slain by a worm (9 damage)
             ... on level 2 of the Dungeon.
             The game lasted 00:03:36 (1369 turns).

Maratek the Gusty (Demigod Air Elementalist)        Turns: 1369, Time: 00:03:37

Health: -1/26      AC:  2    Str:  9    XL:     3   Next: 8%
Magic:  1/8        EV: 12    Int: 21    God:
Gold:   27         SH:  0    Dex: 20    Spells: 2/6 levels left

rFire   . . .      SeeInvis .   (no weapon)
rCold   . . .      Faith    .   (no shield)
rNeg    . . .      Spirit   .   a - +0 robe
rPois   .          Reflect  .   (no helmet)
rElec   .          Harm     .   (no cloak)
rCorr   .          Rampage  .   (no gloves)
Will    .....                   (no boots)
Stlth   ++........              (no amulet)
HPRegen 0.08/turn               h - +6 ring of dexterity
MPRegen 0.11/turn               (no ring)

@: no status effects
A: high MP 1, forlorn, divine attributes
a: no special abilities


You were on level 2 of the Dungeon.
You visited 1 branch of the dungeon, and saw 3 of its levels.

You collected 27 gold pieces.

Inventory:

Armour
 a - a +0 robe (worn)
Jewellery
 h - a +6 ring of dexterity (left hand)
Scrolls
 c - a scroll of summoning {unknown}
 d - a scroll of identify {unknown}
 e - a scroll of vulnerability {unknown}
 f - a scroll of enchant weapon {unknown}
Potions
 b - a potion of magic
 g - a potion of mutation {unknown}
 i - a potion of heal wounds {unknown}


   Skills:
 + Level 2.0 Dodging
 + Level 2.1 Stealth
 + Level 2.1 Spellcasting
 + Level 1.1 Conjurations
 + Level 3.3 Air Magic


You had 2 spell levels left.
You knew the following spells:

 Your Spells              Type           Power      Damage    Failure   Level
a - Shock                 Conj/Air       44%        1d5       6%          1
b - Stone Arrow           Conj/Erth      8%         3d7       34%         3

Your spell library contained the following spells:

 Spells                   Type           Power      Damage    Failure   Level
 Static Discharge         Conj/Air       11%        N/A       9%          2
 Swiftness                Air            16%        N/A       11%         3
 Airstrike                Air            8%         N/A       36%         4
 Animate Armour           Summ/Erth      4%         N/A       82%         4
 Lehudib's Crystal Spear  Conj/Erth      2%         10d2      100%        8


Dungeon Overview and Level Annotations

Branches:
Dungeon (3/15)


Innate Abilities, Weirdness & Mutations

You have an increased reservoir of magic. (+10% MP)
You shall have no god before yourself.
Your divine heritage dramatically boosts your attributes as you level up.


Message History

You see here 20 stones.
The endoplasm quivers.
You see here 20 stones.
Casting: Shock (safe; 6% risk of failure)
Confirm with . or Enter, or press ? or * to list all spells.
Aiming: Shock (safe; 6% risk of failure)
Press: ? - help, Shift-Dir - straight line, f - dart slug, p - worm
Aim: a dart slug (moderately wounded, 100% to hit)
The zap hits the worm.
The worm is lightly wounded.
The zap hits the dart slug.
The dart slug is heavily wounded.
Casting: Shock (safe; 6% risk of failure)
Confirm with . or Enter, or press ? or * to list all spells.
Aiming: Shock (safe; 6% risk of failure)
Press: ? - help, Shift-Dir - straight line, f/p - dart slug
Aim: a dart slug (heavily wounded, 100% to hit)
The zap hits the worm.
The worm is lightly wounded.
The zap hits the dart slug.
The dart slug is almost dead.
You hit the endoplasm.
The endoplasm is lightly wounded.
The endoplasm hits you.
You hit the endoplasm but do no damage.
The endoplasm is lightly wounded.
The endoplasm hits you but does no damage.
You hit the endoplasm but do no damage.
The endoplasm is lightly wounded.
The worm bites you! The endoplasm freezes you.
You are frozen.
You hit the endoplasm.
The endoplasm is heavily wounded.
The endoplasm freezes you.
You are frozen.
You hit the endoplasm but do no damage.
The endoplasm is heavily wounded.
The worm bites you!
You die...

#.#......................
#......###.#......#......
######.# #....#+#.#...##.
#.###.##.#.#.# .....
#.#..........#.#....
#######'###.#......J.......# #.#
..........#.####.###........ ..#
...............#J###.##....# ...#
............##.#@#.........##...#
....###+#......#w#.#..#.........#
.... #...#..#w#.#..#..........
... #...#..................w# ..
# #...##.#.#.####....#
$###.#...##.#.#.....?...#
.....#......#.######....#
........#####...w.w....>#
#+#####..############...#......


You could see a worm, a dart slug and an endoplasm.

Vanquished Creatures
  An adder (D:2)
  3 dart slugs (D:1)
  3 ball pythons (D:1)
  4 bats
  6 endoplasms (D:1)
  A hobgoblin (D:1)
  A frilled lizard (D:1)
  A kobold (D:1)
  A rat (D:2)
21 creatures vanquished.

Notes
Turn   | Place    | Note
-------+----------+-------------------------------------------
     0 | D:1      | Maratek the Demigod Air Elementalist began the quest for
                  | the Orb.
     0 | D:1      | Reached XP level 1. HP: 14/14 MP: 5/5
   312 | D:1      | Reached skill level 3 in Air Magic
   402 | D:1      | Reached XP level 2. HP: 20/20 MP: 5/7
   628 | D:1      | Reached skill level 1 in Conjurations
  1164 | D:2      | Reached XP level 3. HP: 26/26 MP: 3/8
  1168 | D:2      | Learned a level 3 spell: Stone Arrow
  1369 | D:2      | Slain by a worm

Illustrated notes

Levels and vault maps discovered:
D:1:      evilmike_arrival_rings, layout_loops_ring,
          nicolae_ecumenical_snake_handling
D:2:      layout_basic
D:3:      layout_loops_ring, mainiacjoe_overflow_divided_tiny

Skill      XL: |  1  2 |
---------------+-------+-----
Stealth        | 2 |  2.1
Air Magic      | 3 |  3.3
Spellcasting   | 2 |  2.1
Conjurations   | 1 |  1.1
Dodging        | 2 |  2.0

Action                   || total
-------------------------++-------
Melee: Unarmed           ||     5
 Cast: Shock             ||    55
       Stone Arrow       ||     1
Armor: Robe              ||     5
Dodge: Dodged            ||     4

Table legend: (Time is in decaauts)
 A = Elapsed time spent in this place.
 B = Non-inter-level travel time spent in this place.
 C = Inter-level travel time spent in this place.
 D = Time resting spent in this place.
 E = Time spent auto-exploring this place.
 F = Levels seen in this place.
 G = Mean time per level.
                   A        B        C        D        E       F      G
               +--------+--------+--------+--------+--------+-----+--------+
         Total |   1368 |   1368 |      0 |      0 |   1149 |   3 |  456.0 |
       Dungeon |   1368 |   1368 |      0 |      0 |   1149 |   3 |  456.0 |
               +--------+--------+--------+--------+--------+-----+--------+

Top non-repeatable levels by time:
     D:1: 1151 daAuts
     D:2: 215 daAuts
     D:3: 1 daAuts
